 Dungeon Crawl Stone Soup version 0.29.1-13-g9f3cf754e1 (webtiles) character file.

Game seed: 3407814403101669623

1065 Descartes the Shield-Bearer (level 8, 0/62 HPs)
             Began as a Formicid Fighter on Feb 7, 2023.
             Slain by a gnoll
             ... wielding a +0 spear
             ... led by a gnoll bouda
              (4 damage)
             ... on level 5 of the Dungeon.
             The game lasted 00:06:20 (4087 turns).

Descartes the Shield-Bearer (Formicid Fighter)      Turns: 4087, Time: 00:06:20

Health: 0/62       AC: 10    Str: 23    XL:     8   Next: 52%
Magic:  13/13      EV:  9    Int:  8    God:
Gold:   211        SH:  6    Dex: 19    Spells: 14/14 levels left

rFire   + . .      SeeInvis +   a - +0 war axe
rCold   + . .      Faith    .   c - +0 buckler
rNeg    . . .      Spirit   .   b - +0 scale mail
rPois   +          Reflect  .   (helmet unavailable)
rElec   +          Harm     .   (no cloak)
rCorr   +          Rampage  .   l - +1 pair of gloves
Will    .....                   u - +0 pair of boots
Stlth   ..........              (no amulet)
HPRegen 0.20/turn               q - +6 ring of dexterity
MPRegen 0.13/turn               x - +4 ring of slaying

@: resistant
A: permanent stasis, dig shafts and tunnels, antennae 3, four strong arms
a: Dig, Shaft Self


You were on level 5 of the Dungeon.
You visited 1 branch of the dungeon, and saw 5 of its levels.

You collected 211 gold pieces.

Inventory:

Hand Weapons
 a - a +0 war axe (weapon)
Missiles
 g - 15 poisoned darts
Armour
 b - a +0 scale mail (worn)
 c - a +0 buckler (worn)
 l - a +1 pair of gloves (worn)
 u - a +0 pair of boots (worn)
Jewellery
 q - a +6 ring of dexterity (left hand)
 w - a ring of wizardry
 x - a +4 ring of slaying (right hand)
Wands
 m - a wand of acid (10)
Scrolls
 d - 3 scrolls of identify {unknown}
 e - 2 scrolls of teleportation {unknown}
 f - 2 scrolls of fear {unknown}
 h - 3 scrolls of magic mapping {unknown}
 i - a scroll of fog {unknown}
 j - a scroll of enchant armour {unknown}
 p - 2 scrolls of enchant weapon {unknown}
Potions
 k - a potion of attraction {unknown}
 n - a potion of brilliance {unknown}
 o - 3 potions of resistance
 r - a potion of invisibility {unknown}
 s - a potion of lignification {unknown}
 t - a potion of might
 v - a potion of haste {unknown}


   Skills:
 - Level 5.0 Fighting
 + Level 4.3 Axes
 + Level 5.4 Armour
 + Level 6.5 Shields
 + Level 3.7 Spellcasting
 + Level 3.8 Evocations


You had 14 spell levels left.
You didn't know any spells.
Your spell library contained the following spells:

 Spells                   Type           Power      Damage    Failure   Level
 Beastly Appendage        Tmut           2%         N/A       65%         1
 Wereblood                Tmut           1%         N/A       78%         2
 Spider Form              Tmut/Pois      1%         N/A       95%         3
 Airstrike                Air            0%         2d(1-17)  100%        4
 Summon Lightning Spire   Summ/Air       1%         N/A       100%        4
 Lightning Bolt           Conj/Air       0%         1d11      100%        5


Dungeon Overview and Level Annotations

Branches:
Dungeon (5/15)
 Temple: D:4-7

Altars:
Ashenzari
Elyvilon
Fedhas
Hepliaklqana

Shops:
D:3 [   D:4 *   D:5 :


Innate Abilities, Weirdness & Mutations

You cannot be hasted, slowed, berserked, paralysed or teleported.
You can dig through walls and to a lower floor.
You have a pair of large antennae on your head. (SInv)
Your four strong arms can wield two-handed weapons with a shield.


Message History

You block the gnoll's attack. The gnoll barely misses you.
The gnoll shouts!
You slash the gnoll!
You kill the gnoll!
You hit the orc.
You hear a shout!
You block the orc's attack.
The gnoll hits you from afar with a +0 spear.
The orc attacks as you move away! The orc barely misses you.
The orc attacks as you move away! The orc hits you with a +0 club.
The gnoll hits you but does no damage. The orc attacks as you move away!
You block the orc's attack.
You see here a +0 pair of boots.
The gnoll hits you but does no damage. The orc barely misses you.
The gnoll hits you with a +0 flail! The orc attacks as you move away!
The orc hits you but does no damage. The gnoll hits you with a +0 flail.
The orc attacks as you move away! The orc misses you.
The gnoll hits you from afar with a +0 spear.
* * * LOW HITPOINT WARNING * * *
The orc attacks as you move away! The orc hits you but does no damage.
The gnoll attacks as you move away! You block the gnoll's attack. x2
There is a large open door here.
There is a large open door, spattered with blood here.
The gnoll is no longer moving quickly.
The orc priest looks braver for a moment.
You hit the orc.
The orc is almost dead.
The gnoll is no longer moving quickly. x2
The orc priest looks encouraged for a moment.
The orc hits you but does no damage.
The orc priest invokes the aid of Beogh against you.
Beogh smites you!
* * * LOW HITPOINT WARNING * * *
It was a potion of resistance.
You feel protected. The orc hits you but does no damage.
The orc hits you with a +0 club.
* * * LOW HITPOINT WARNING * * *
The gnoll hits you from afar with a +0 spear.
You die...

####...........# #.........
.......###+#### #...).....
.....#####....#### #....# .##
........÷........#######....#8.8#
#.....)÷.........##..............
#................##......)..#8.8#
#................##....[....##.##
#.......†.......o##.o..........#
#...............@ogg..........##
#................##g..........#
..............#####.............
..............# #...........∩.
...##...####### #.............
...##...# ###..##...... ...##...#
##.# ..... #####...# .. #####...#


You could see an orc priest, 3 gnolls and 2 orcs.

Vanquished Creatures
  Grinder (D:3)
  An ogre (D:5)
  A phantom (D:5)
  A bullfrog (D:3)
  A necrophage (D:5)
  A howler monkey (D:5)
  A jelly (D:5)
  A gnoll bouda (D:5)
  A hound (D:4)
  2 iguanas
  Natasha (thrice) (D:2)
  5 orc wizards
  5 gnolls
  9 adders
  A white imp (D:5)
  An ufetubus (D:4)
  2 worms
  A dart slug (D:2)
  10 orcs
  7 bats
  7 endoplasms
  4 giant cockroaches
  4 hobgoblins
  A quokka (D:4)
  2 ball pythons
  3 frilled lizards
  4 goblins
  5 kobolds
  5 rats
90 creatures vanquished.

Notes
Turn   | Place    | Note
-------+----------+-------------------------------------------
     0 | D:1      | Descartes the Formicid Fighter began the quest for the Orb.
     0 | D:1      | Reached XP level 1. HP: 18/18 MP: 1/1
   132 | D:1      | Reached XP level 2. HP: 24/24 MP: 2/2
   800 | D:2      | Reached XP level 3. HP: 27/29 MP: 2/4
   829 | D:2      | Noticed Natasha
   842 | D:2      | Killed Natasha
   843 | D:2      | Reached skill level 1 in Spellcasting
   843 | D:2      | Reached skill level 1 in Evocations
   843 | D:2      | Reached XP level 4. HP: 11/37 MP: 5/5
   937 | D:2      | Noticed Natasha
   944 | D:2      | Killed Natasha
  1145 | D:2      | Noticed Natasha
  1151 | D:2      | Killed Natasha
  1152 | D:2      | Reached XP level 5. HP: 37/42 MP: 7/7
  1505 | D:2      | Found a faded altar of an unknown god.
  1505 | D:2      | Noticed a chaos spawn
  1540 | D:3      | Noticed a bullfrog
  1557 | D:3      | Killed a bullfrog
  1558 | D:3      | Reached skill level 5 in Shields
  1558 | D:3      | Reached XP level 6. HP: 28/48 MP: 8/8
  1714 | D:3      | Noticed Grinder
  1743 | D:3      | Killed Grinder
  1744 | D:3      | Reached XP level 7. HP: 4/55 MP: 10/10
  2232 | D:3      | Found Ifekax's Antique Armour Boutique.
  3080 | D:4      | Found Jiwem's General Store.
  3457 | D:3      | Found a white marble altar of Elyvilon.
  3457 | D:3      | Found a blossoming altar of Fedhas.
  3457 | D:3      | Found a broken altar of Ashenzari.
  3457 | D:3      | Found a hazy altar of Hepliaklqana.
  3479 | D:5      | Entered Level 5 of the Dungeon
  3771 | D:5      | Reached skill level 5 in Fighting
  3771 | D:5      | Reached skill level 5 in Armour
  3771 | D:5      | Reached XP level 8. HP: 32/62 MP: 12/12
  3776 | D:5      | Reached skill level 6 in Shields
  4062 | D:5      | Found Fuurch's Book Shop.
  4087 | D:5      | Slain by a gnoll

Illustrated notes

Levels and vault maps discovered:
D:1:      psy_arrival_whirlpool, layout_loops_ring
D:2:      layout_rooms, dreamdust_ecumenical_altar_sealed_demon, uniq_natasha
D:3:      layout_rooms, nicolae_overflow_hidden_temple, serial_shops, shop,
          uniq_grinder
D:4:      layout_basic, serial_shops, nicolae_shop_window_shopping,
          serial_park_tiny_pond
D:5:      layout_basic, serial_shops, shop, small_statue_intersection

Skill      XL: |  1  2  3  4  5  6  7  8 |
---------------+-------------------------+-----
Spellcasting   | 1 2 3 |  3.7
Evocations     | 1 2 3 |  3.8
Fighting       | 4 5 |  5.0
Armour         | 4 5 |  5.4
Shields        | 5 6 |  6.5
Axes           | 3 4 |  4.3

Action                   |  1- 3 |  4- 6 |  7- 9 || total
-------------------------+-------+-------+-------++-------
Melee: War axe           |    48 |    95 |   129 ||   272
  Use: Potion            |       |     1 |     1 ||     2
Armor: Scale mail        |    31 |    53 |    83 ||   167
Dodge: Dodged            |    23 |    59 |    60 ||   142
Block: Buckler           |    22 |    17 |    45 ||    84
